 Dungeon Crawl Stone Soup version 0.19-a0-994-g3c636f0 (webtiles) character file.

1490 Charly the Grappler (level 8, 6/72 (73) HPs)
             Began as a Ghoul Monk on July 17, 2016.
             Quit the game on level 8 of the Dungeon.
             The game lasted 00:17:11 (1333 turns).

Charly the Grappler (Ghoul Monk)                    Turns: 1333, Time: 00:17:12

HP:   6/72 (73)     AC: 10    Str: 15    XL:     8   Next: 80%
MP:   4/7           EV: 10    Int:  5    God:
Gold: 50            SH:  0    Dex: 13    Spells: 0 memorised, 7 levels left

rFire  + . .     SeeInvis .       - Unarmed
rCold  + . .     Gourm    .     k - +4 scale mail {rF+}
rNeg   + + +     Faith    .     (no shield)
rPois  ∞         Spirit   +     (no helmet)
rElec  .         Dismiss  .     (no cloak)
rCorr  .         Reflect  .     (no gloves)
SustAt .         Harm     .     (no boots)
MR     .....                    j - amulet of guardian spirit
Stlth  +.........               (no ring)
                                w - ring of wizardry

@: rotting, not resistant to hostile enchantments, very unstealthy
A: rotting body, claws 1, carnivore 3, cold resistance 1, negative energy
resistance 3, slow regeneration 1, torment resistance, unbreathing
a: no special abilities


You were on level 8 of the Dungeon.
You were not hungry.

You visited 2 branches of the dungeon, and saw 10 of its levels.

You collected 50 gold pieces.

Inventory:

Armour
 k - a +4 scale mail of fire resistance (worn)
Jewellery
 j - an amulet of guardian spirit (around neck)
 w - a ring of wizardry (left claw)
Scrolls
 h - a scroll of remove curse
 n - a scroll of brand weapon {unknown}
Potions
 a - a potion of flight {unknown}
 c - a potion of brilliance {unknown}
 d - a potion of cure mutation {unknown}
 e - 3 potions of curing {unknown}
 l - a potion of heal wounds
 m - a potion of magic {unknown}
Comestibles
 b - 3 meat rations
 f - a chunk of flesh


   Skills:
 + Level 7.3 Fighting
 - Level 2.6 Dodging
 - Level 2.1 Stealth
 + Level 10.1 Unarmed Combat


You had 7 spell levels left.
You didn't know any spells.

Dungeon Overview and Level Annotations

Branches:
Dungeon (9/15)             Temple (1/1) D:7
   Lair: D:8-11         Orc: D:9-12

Altars:
Ashenzari
Dithmenos
Elyvilon
Fedhas
Gozag
Hepliaklqana
Kikubaaqudgha
Nemelex Xobeh
Okawaru
Pakellas
Qazlal
Ru
Sif Muna
Uskayaw
Vehumet
Yredelemnul
The Shining One

Portals:
Ossuary: D:4

Annotations:
D:6 Sigmund


Innate Abilities, Weirdness & Mutations

Your body is rotting away.
You thrive on raw meat.
You are immune to poison.
You have sharp fingernails.
You are carnivorous and can eat meat at any time.
Your flesh is cold resistant. (rC+)
You are immune to negative energy. (rN+++)
You regenerate slowly when monsters are visible.
You are immune to unholy pain and torment.
You can survive without breathing.


Message History

The yak gores you.
* * * LOW HITPOINT WARNING * * *
You claw the yak!
You kill the yak!
Your Unarmed Combat skill increases to level 10!
You claw the yak!
The yak is heavily wounded.
The yak gores you!
* * * LOW HITPOINT WARNING * * *
Found a stone staircase leading down.
The yak barely misses you.
The phantom blinks!
The crimson imp blinks!
An orc comes into view. It is wielding a club.
Found a leather armour.
An orc, an orc warrior and an orc priest come into view.
The orc warrior shouts!
The orc priest shouts!
Are you sure you want to abandon this character and quit the game? (Confirm with "yes".)
Okay, then.
Are you sure you want to abandon this character and quit the game? (Confirm with "yes".)

,,,,,,,,,,,,,,,,*##.#.# #........
,,,,,,,,,.......* #...# #........
,,,,,,,,,.......####..# #........
,,,,,,,<,........# #.5# #......".
,,,,,,,,,........# ##.# #........
*+**,,,,,...o.[..# #W# #........
*,**,,,,,...o.o..# #.# #........
*,**,,,,,.......o# #5###........
*,************+#@# #>.......###.
*,************,#Y#########§......
*,,,,,,,,,,,,,,#..............#.#
***************############...#,*
,,,,,,,,,,,,,,,,,,,,,,,,,,,...#,*
***************************.#.#,*
*.#.#,* *.#,#,* *.#,*,*


You could see a yak, an orc warrior, an orc priest and 2 orcs.

Vanquished Creatures
  4 yaks (D:8)
  Duvessa (D:6)
  A centaur (D:7)
  An ogre (D:8)
  A giant frog (D:7)
  A water moccasin zombie (D:8)
  3 wights (D:7)
  A crimson imp (D:5)
  A giant frog zombie (D:8)
  2 hounds
  A gnoll shaman (D:7)
  An orc priest (D:8)
  A jelly (D:5)
  2 orc wizards
  4 worker ants
  A hound skeleton (D:5)
  2 adders
  An adder skeleton (D:8)
  A dart slug (D:2)
  A giant gecko (D:3)
  5 orcs
  A goblin (D:2)
  4 hobgoblins
  3 jackals (D:5)
  2 giant newts
  A rat (D:1)
47 creatures vanquished.

Notes
Turn   | Place    | Note
-------+----------+-------------------------------------------
     0 | D:1      | Charly the Ghoul Monk began the quest for the Orb.
     0 | D:1      | Reached XP level 1. HP: 19/19 MP: 0/0
   120 | D:2      | Reached skill level 4 in Unarmed Combat
   120 | D:2      | Reached XP level 2. HP: 10/26 MP: 1/1
   282 | D:4      | Found a sand-covered staircase.
   319 | D:5      | Entered Level 5 of the Dungeon
   374 | D:5      | Reached skill level 5 in Unarmed Combat
   374 | D:5      | Reached XP level 3. HP: 12/31 MP: 2/2
   489 | D:5      | Reached XP level 4. HP: 26/38 MP: 3/3
   615 | D:5      | Reached skill level 6 in Unarmed Combat
   615 | D:5      | Reached XP level 5. HP: 35/44 MP: 4/4
   634 | D:6      | Noticed Sigmund
   661 | D:6      | Noticed Duvessa
   751 | D:6      | Killed Duvessa
   751 | D:6      | Reached skill level 7 in Unarmed Combat
   751 | D:6      | Reached XP level 6. HP: 47/51 MP: 5/5
   855 | D:7      | Reached skill level 8 in Unarmed Combat
   870 | D:7      | Reached XP level 7. HP: 43/59 MP: 4/6
   922 | D:7      | Found a staircase to the Ecumenical Temple.
   928 | Temple   | Entered the Ecumenical Temple
  1046 | D:7      | Found an ancient bone altar of Kikubaaqudgha.
  1056 | D:7      | Found a basalt altar of Yredelemnul.
  1056 | D:7      | Found a radiant altar of Vehumet.
  1099 | D:8      | Reached skill level 5 in Fighting
  1192 | D:9      | Noticed a hill giant
  1217 | D:8      | Reached skill level 9 in Unarmed Combat
  1221 | D:8      | Reached XP level 8. HP: 64/69 MP: 5/7
  1229 | D:8      | Noticed a yak
  1230 | D:8      | Noticed a yak
  1234 | D:8      | Found a sacrificial altar of Ru.
  1259 | D:8      | Killed a yak
  1268 | D:8      | Noticed a yak
  1270 | D:8      | Noticed a yak
  1273 | D:8      | Killed a yak
  1274 | D:8      | Noticed a yak
  1280 | D:8      | Killed a yak
  1305 | D:8      | Killed a yak
  1305 | D:8      | Reached skill level 10 in Unarmed Combat
  1306 | D:8      | HP: 3/72 [yak (12)]
  1333 | D:8      | Quit the game

Vault maps used:
D:1:      lightli_iron_boxes
D:2:      minmay_hexomino_p4
D:3:      lemuel_round_altar, lemuel_round_altar, first_bread,
          lightli_corner_chamber
D:4:      kennysheep_little_box, xom_redecorated,
          nicolae_ossuary_entry_false_entrances, nrook_uturn, uniq_grinder,
          uniq_edmund
D:5:      serial_shops, nicolae_shop_window_shopping, okawaru_trees_1
D:6:      uniq_duvessa, uniq_sigmund
D:7:      gammafunk_temple_overflow_wave, overflow_temple_1_default
D:8:      nicolae_ru_sacrificial_ziggurat
D:9:      minmay_shrinking_squares, lemuel_crystal_altar
Temple:   dshaligram_water_room_temple

Skill      XL: |  1  2  3  4  5  6  7  8 |
---------------+-------------------------+-----
Unarmed Combat | 4 5 6 7 8 9 10 | 10.1
Fighting       | 4 5 7 |  7.3
Dodging        | |  2.6
Stealth        | |  2.1

Action                   |  1- 3 |  4- 6 |  7- 9 || total
-------------------------+-------+-------+-------++-------
Melee: Unarmed           |    66 |    74 |   116 ||   256
       Punch             |     2 |     1 |     4 ||     7
  Use: Scroll            |       |       |     5 ||     5
 Stab: Sleeping          |     1 |       |       ||     1
  Eat: Chunk             |     6 |     3 |     6 ||    15
Armor: Robe              |     4 |       |       ||     4
       Scale mail        |     2 |    21 |    44 ||    67
Dodge: Dodged            |    32 |    18 |    38 ||    88
